 Dungeon Crawl Stone Soup version 0.24-a0-366-gc1c896e988 (webtiles) character file.

Game seed: 5410069017653666320

44 HAL9000 the Sneak (level 3, -2/18 HPs)
             Began as a Vine Stalker Assassin on May 28, 2019.
             Slain by Natasha (3 damage)
             ... on level 2 of the Dungeon.
             The game lasted 00:01:18 (860 turns).

HAL9000 the Sneak (Vine Stalker Assassin)            Turns: 860, Time: 00:01:18

Health: -2/18      AC:  3    Str: 14    XL:     3   Next: 62%
Magic:  0/4        EV: 11    Int: 11    God:
Gold:   37         SH:  0    Dex: 15    Spells: 2/2 levels left

rFire    x . .     SeeInvis .   a - +2 dagger
rCold    + . .     Gourm    .   (no shield)
rNeg     . . .     Faith    .   b - +0 robe
rPois    .         Spirit   +   (no helmet)
rElec    .         Reflect  .   c - +0 cloak
rCorr    .         Harm     .   (no gloves)
MR       .....                  (no boots)
Stlth    +++.......             (no amulet)
HPRegen  0.06/turn              k - ring of ice
MPRegen  0.09/turn              (no ring)

@: slowed, very slow
A: fangs 2, magic shield, antimagic bite, no potion heal 3, rot immunity
a: no special abilities


You were on level 2 of the Dungeon.
You were not hungry.

You visited 1 branch of the dungeon, and saw 2 of its levels.

You collected 37 gold pieces.

Inventory:

Hand Weapons
 a - a +2 dagger (weapon)
Missiles
 d - 8 poisoned darts (quivered)
 e - 2 curare-tipped darts
Armour
 b - a +0 robe (worn)
 c - a +0 cloak (worn)
Jewellery
 k - a ring of ice (left hand)
Scrolls
 g - a scroll of enchant weapon {unknown}
 i - 2 scrolls of amnesia {unknown}
Potions
 h - 2 potions of lignification {unknown}
 j - a potion of heal wounds {unknown}
 l - a potion of invisibility {unknown}
Comestibles
 f - 3 rations


   Skills:
 - Level 1.7 Fighting
 + Level 3.5 Short Blades
 - Level 1.7 Throwing
 - Level 0.7 Dodging
 - Level 4.8 Stealth


You had 2 spell levels left.
You didn't know any spells.
Your spell library was empty.

Dungeon Overview and Level Annotations

Branches:
Dungeon (2/15)

Altars:

Annotations:
D:2 Natasha


Innate Abilities, Weirdness & Mutations

You have extremely sharp teeth.
When hurt, damage is shared between your health and your magic reserves.
Your bite disrupts and absorbs the magic of your enemies.
Potions cannot restore your health.
You are immune to rotting.


Message History

Natasha is moderately wounded.
Natasha misses you.
Unknown command.
You hit Natasha. Your bite misses Natasha.
Natasha is heavily wounded.
Natasha hisses.
Natasha falters for a moment.
You hit Natasha. You bite Natasha.
Natasha's magic leaks into the air.
You drain her magic.
You feel invigorated.
Natasha is almost dead.
Natasha falters for a moment.
You hit Natasha.
Natasha is almost dead.
Natasha claws you.
* * * LOW HITPOINT WARNING * * *
Natasha falters for a moment.
You hit Natasha but do no damage. Your bite misses Natasha.
Natasha is almost dead.
Natasha claws you.
You die...

###...####.##.#
##.......##.#..#
#............#
#........##.####
#.##†..####..#.##
#######...........#...#
#
>........##.#######....
..
######.###........<...
#.
#####@#.##############
##.#...h###.# #......5#
#.# ..#...^.# #..
#.....# ### ##....#
........# #.###..##.# #
#..# ##


You could see Natasha and a white imp.

Vanquished Creatures
  Jessica (D:2)
  A giant cockroach (D:2)
  4 goblins (D:1)
  2 hobgoblins
  3 bats (D:1)
  A frilled lizard (D:1)
  4 kobolds (D:1)
  3 rats (D:1)
19 creatures vanquished.

Notes
Turn   | Place    | Note
-------+----------+-------------------------------------------
     0 | D:1      | HAL9000 the Vine Stalker Assassin began the quest for the
                  | Orb.
     0 | D:1      | Reached XP level 1. HP: 11/11 MP: 2/2
    84 | D:1      | Reached XP level 2. HP: 15/15 MP: 3/3
   834 | D:2      | Noticed Jessica
   836 | D:2      | Noticed Natasha
   839 | D:2      | Killed Jessica
   839 | D:2      | Reached XP level 3. HP: 17/18 MP: 2/4
   860 | D:2      | Slain by Natasha

Levels and vault maps discovered:
D:1:      dpeg_arrival_erosion, layout_loops_ring,
          chequers_serial_rivers_large_b
D:2:      layout_loops_ring, first_ration, uniq_terence, uniq_natasha,
          uniq_crazy_yiuf_cottage, uniq_jessica

Skill      XL: |  1  2 |
---------------+-------+-----
Short Blades   | 2 3 |  3.5
Fighting       | |  1.7
Throwing       | |  1.7
Dodging        | |  0.7
Stealth        | |  4.8

Action                   || total
-------------------------++-------
Melee: Dagger            ||    53
       Bite              ||     9
 Stab: Sleeping          ||     6
Armor: Robe              ||     7
Dodge: Dodged            ||    27

Table legend:
 A = Non-vault XP
 B = Vault XP
 C = Vault XP percentage of total XP
 D = Non-vault monster count
 E = Vault monster count
 F = Vault count percentage of total count
                 A         B        C        D         E       F
            +---------+---------+-------+---------+---------+-------
      Total |      27 |      37 |  57.8 |      18 |       1 |   5.3
            +---------+---------+-------+---------+---------+-------
        D:1 |      23 |       0 |   0.0 |      16 |       0 |   0.0
        D:2 |       4 |      37 |  90.2 |       2 |       1 |  33.3
            +---------+---------+-------+---------+---------+-------
